Cogmind - Beta 15 @@@ ROGUE MODE // 2025.05.24 @ 16:12:15 Player: KeKe Result: Destroyed by L7-MT0(g) with Salvaging Laser Performance ------------- Evolutions (0) 0 Regions Visited (3) 600 Robots Destroyed (25) 125 Value Destroyed (491) 491 Prototype IDs (13) 260 Alien Tech Used (0) 0 Bonus (800) 800 TOTAL SCORE: 2276 Bonus ------- Registered with UFD 300 Met Optimus in HQ 500 Cogmind --------- Core Integrity 0/250 Matter 300/300 Energy 240/240 System Corruption 1% Temperature Cool (49) Movement Treading (157) Location -8/Scraptown Parts ------- > --- POWER (1) -------- Nuclear Core > --- PROPULSION (2) --- Armored Treads Advanced Treads > --- UTILITY (2) ------ Makeshift Light Armor Plating A0-MCA's Component Scanner > --- WEAPON (2) ------- Light Assault Rifle Heavy Pick > --- INVENTORY (5) ---- Advanced Targeting Computer Makeshift Hacking Suite Makeshift Hacking Suite Scrapoid Pod Peak State ------------ > --- POWER ------------ Nuclear Core > --- PROPULSION ------- Armored Treads Advanced Treads > --- UTILITY ---------- Makeshift Light Armor Plating A0-MCA's Component Scanner > --- WEAPON ----------- Light Assault Rifle Heavy Pick > --- INVENTORY -------- Advanced Targeting Computer Target Analyzer Makeshift Hacking Suite Scrapoid Pod [Rating: 30] Favorites ----------- Power Ion Engine Engine Ion Engine Power Core Nuclear Core Propulsion Light Treads Treads Light Treads Wheel Armored Huge Wheel Utility Small Storage Unit Device Seismic Detector Storage Small Storage Unit Processor A0-MCA's Component Scanner Protection Makeshift Light Armor Plating Weapon Light Assault Rifle Ballistic Gun Light Assault Rifle Launcher Grenade Launcher Piercing Weapon Heavy Pick Build | -11 -10 -10 -8 ------- Run | Yrd Mat Sub Scr Slots Evolved . | . . . . Power . | . . . . Propulsion . | . . . . Utility . | . . . . Weapon . | . . . . Parts Attached 18 | 7 2 1 8 Power 3 | 1 . . 2 Engine 2 | 1 . . 1 Core 1 | . . . 1 Reactor . | . . . . Propulsion 6 | 2 . 1 3 Treads 4 | 2 . . 2 Leg . | . . . . Wheel 2 | . . 1 1 Hover . | . . . . Flight . | . . . . Utility 4 | 2 . . 2 Device 1 | 1 . . . Storage 1 | 1 . . . Processor 1 | . . . 1 Hackware . | . . . . Protection 1 | . . . 1 Artifact . | . . . . Weapon 5 | 2 2 . 1 Energy Gun . | . . . . Energy Cannon . | . . . . Ballistic Gun 3 | 2 1 . . Ballistic Cannon . | . . . . Launcher 1 | . 1 . . Special Weapon . | . . . . Impact Weapon . | . . . . Slashing Weapon . | . . . . Piercing Weapon 1 | . . . 1 Special Melee Weapon . | . . . . Unidentified Prototypes . | . . . . Parts Lost 1 | . . 1 . Power . | . . . . Propulsion 1 | . . 1 . Utility . | . . . . Weapon . | . . . . Highest Loss Streak 1 | . . 1 . To Critical Strikes . | . . . . Average Backups 4 | 1 6 7 3 Power . | . 1 1 . Propulsion . | . 2 1 . Utility 1 | . . 1 1 Weapon 1 | . 3 4 1 Tool/Special . | . . . . Unused Backups 7 | . . . 7 Power . | . . . . Propulsion 1 | . . . 1 Utility 3 | . . . 3 Weapon 2 | . . . 2 Tool/Special 1 | . . . 1 Average Slot Usage (%) 81 | . 100 100 71 Engine 9 | . 14 14 7 Core 4 | . . . 6 Treads 17 | . 28 16 13 Wheel 5 | . . 11 7 Device 4 | . 14 14 . Storage 4 | . 14 14 . Processor 4 | . . . 6 Ballistic Gun 25 | . 27 25 24 Piercing Weapon 2 | . . . 3 Peak Build Rating 30 | 7 7 7 30 Average Rating 13 | 5 7 7 17 On Entrance 5 | . 7 7 7 Naked Turns . | . . . . Heaviest Build 16 | 14 16 15 15 Greatest Support 42 | 40 40 40 42 Greatest Overweight (x) 1 | . . 1 1 Average Overweight (x) . | . . . . Largest Inventory Capacity 8 | 8 8 8 8 Average Capacity 6 | 7 8 8 5 Most Carried 8 | 4 8 8 7 Average Carried 4 | 1 6 7 4 Final Capacity 8 | 8 8 8 5 Final Carried 8 | 4 8 7 5 Class Distribution -------------------- 98% | Mutant Dominant Class ---------------- Mutant | -10/Materials Mutant | -10/Subcaves Mutant | -8/Scraptown Resources | -11 -10 -10 -8 ----------- Run | Yrd Mat Sub Scr Matter Collected 749 | 368 230 25 126 Remotely . | . . . . Salvage Created 558 | 185 348 25 . Parts 48 | 14 34 . . Haulers Intercepted . | . . . . Recyclers Shooed 2 | . 2 . . Parts Field Recycled . | . . . . Retrieved Matter . | . . . . Parts Self-Destructed 4 | . . 4 . Prevented . | . . . . Kills | -11 -10 -10 -8 ------- Run | Yrd Mat Sub Scr Combat Hostiles Destroyed 16 | . 15 1 . Guns 9 | . 8 1 . AOE 7 | . 7 . . Classes Destroyed 7 | 3 3 1 . Worker 3 | 2 1 . . Builder 1 | . 1 . . Tunneler 4 | 4 . . . Recycler 1 | 1 . . . Swarmer 6 | . 6 . . Grunt 9 | . 9 . . Subdweller 1 | . . 1 . Best Kill Streak 7 | 4 7 1 . Combat Bots Only 3 | . 3 1 . Max Kills in Single Turn 3 | 1 3 1 . Gunslinging . | . . . . Exploded 2 | . 2 . . Melee . | . . . . Uniques/NPCs Destroyed . | . . . . Combat | -11 -10 -10 -8 -------- Run | Yrd Mat Sub Scr Hostile Shots Fired 89 | . 45 8 36 Missed 16 | . 13 . 3 Hits 73 | . 32 8 33 Melee 1 | . . . 1 Projectile 72 | . 32 8 32 Critical Strikes 2 | . . . 2 Damage Taken 1023 | . 320 258 445 Core 257 | . 51 112 94 Absorbed by Shields . | . . . . Core Remaining (%) 100 | 100 . . . Volleys Fired 64 | 27 32 5 . Largest 2 | 2 2 2 . Hottest 50 | 40 50 50 . Shots Fired 124 | 54 60 10 . Gun 114 | 54 54 6 . Cannon . | . . . . Launcher 10 | . 6 4 . Special . | . . . . Kinetic 114 | 54 54 6 . Thermal . | . . . . Explosive 10 | . 6 4 . Electromagnetic . | . . . . Robot Hit Streak 9 | 5 9 8 . Robot Miss Streak 3 | 3 3 1 . Penetration Max . | . . . . Secondary Targets . | . . . . Shots Hit Robots 76 | 30 38 8 . Core Hits 43 | 11 28 4 . Critical Kills 1 | 1 . . . Critical Parts Destroyed . | . . . . Critical Strikes 1 | 1 . . . Destroy 1 | 1 . . . Melee Attacks 4 | . . . 4 Impact . | . . . . Slashing . | . . . . Piercing 4 | . . . 4 Sneak Attacks . | . . . . Combat Hostiles . | . . . . Follow-up Attacks . | . . . . Damage Inflicted 1650 | 277 1160 213 . Guns 677 | 277 372 28 . Cannons . | . . . . Explosions 973 | . 788 185 . Melee . | . . . . Ramming . | . . . . Kinetic 677 | 277 372 28 . Thermal . | . . . . Explosive 973 | . 788 185 . Electromagnetic . | . . . . Impact . | . . . . Slashing . | . . . . Piercing . | . . . . Highest Corruption 1 | . . . 1 Average Corruption 1 | . . . 1 Corruption Purged . | . . . . Corruption Blocked . | . . . . Effects 3 | . . . 3 Heat Flow Errors 2 | . . . 2 Energy Discharges 1 | . . . 1 Overload Shots . | . . . . Overflow Damage 22 | . 22 . . Projectiles . | . . . . Explosions 22 | . 22 . . Melee . | . . . . Knockbacks . | . . . . Impact . | . . . . Kinetic . | . . . . Secondary . | . . . . Self-Inflicted Damage 81 | . . 81 . Shots 4 | . . 4 . Rammed . | . . . . Targets Rammed . | . . . . Kicked . | . . . . Crushed . | . . . . Highest Temperature 167 | . 16 . 167 Average Temperature 36 | . 6 . 55 Received Heat Transfer 355 | . 108 . 247 Siege Activations . | . . . . Martial Activations . | . . . . Shielding Activations . | . . . . Robots Disrupted . | . . . . Combat Hostiles . | . . . . Robots Corrupted . | . . . . Combat Hostiles . | . . . . Parts Fried . | . . . . Impact Corruptions . | . . . . Robots Melted . | . . . . Combat Hostiles . | . . . . Parts Melted . | . . . . Heat Transferred . | . . . . Parts Sabotaged . | . . . . Parts Stolen . | . . . . Parts Stripped . | . . . . Power Chain Reactions . | . . . . Alert | -11 -10 -10 -8 ------- Run | Yrd Mat Sub Scr Maximum Alert Level 1 | . 1 . . Low Security (%) 49 | 100 40 . . Level 1 50 | . 59 . . Level 2 . | . . . . Level 3 . | . . . . Level 4 . | . . . . Level 5 . | . . . . High Security . | . . . . Max Security . | . . . . Peak Influence 281 | 10 281 . . Initial . | . . . . Average 163 | 2 192 . . Influence Increases 552 | 35 517 . . Destroy 0b10 Robot/C 300 | . 300 . . Destroy 0b10 Robot/NC 45 | 35 10 . . Destroy Leader 60 | . 60 . . Successful Hack 12 | . 12 . . Select Force Hacks 60 | . 60 . . Disable Machine 45 | . 45 . . Destroy Structure 30 | . 30 . . Influence Decreases 552 | 35 340 135 42 Entered New Map 127 | . . 85 42 Time Decay 415 | 35 340 40 . Lost Part 10 | . . 10 . Squads Dispatched 4 | . 4 . . Investigation 2 | . 2 . . Extermination . | . . . . Reinforcement 2 | . 2 . . Assault . | . . . . Garrison . | . . . . Intercept . | . . . . Searches Triggered . | . . . . Construction Impeded . | . . . . Haulers Reinforced . | . . . . Active Scanning Responses . | . . . . Cargo Convoy Interrupts . | . . . . Stealth | -11 -10 -10 -8 --------- Run | Yrd Mat Sub Scr Distress Signals 1 | . 1 . . Communications Jammed . | . . . . Distress Signals . | . . . . Times Spotted 29 | . 18 1 10 Peak Tracking Total 4 | . 4 1 4 Tactical Retreats 1 | . . . 1 Traps | -11 -10 -10 -8 ------- Run | Yrd Mat Sub Scr Traps Triggered . | . . . . Indirectly . | . . . . Trap Hack Attempts . | . . . . Triggered . | . . . . Disarmed . | . . . . Reprogrammed . | . . . . Reused . | . . . . Traps Extracted . | . . . . Installed . | . . . . Triggered . | . . . . Machines | -11 -10 -10 -8 ---------- Run | Yrd Mat Sub Scr Machines Disabled 4 | . 3 . 1 Max in Single Turn 2 | . 2 . 1 Machines Repaired . | . . . . Machines Dismantled . | . . . . Machines Sabotaged . | . . . . Overloaded Fab Kills . | . . . . Hacking | -11 -10 -10 -8 --------- Run | Yrd Mat Sub Scr Machines Accessed 11 | . 5 . 6 Terminals 3 | . 3 . . Fabricators . | . . . . Repair Stations . | . . . . Recycling Units 2 | . 2 . . Scanalyzers . | . . . . Garrison Access . | . . . . Total Hacks 36 | . 11 . 25 Successful 30 | . 5 . 25 Failed 6 | . 6 . . Catastrophic 2 | . 2 . . Database Lockouts . | . . . . Manual 11 | . 11 . . Terminals 9 | . 9 . . Fabricators . | . . . . Repair Stations . | . . . . Recycling Units 2 | . 2 . . Scanalyzers . | . . . . Garrison Access . | . . . . Terminal Hacks 27 | . 2 . 25 Record 24 | . . . 24 Robot Analysis 1 | . 1 . . Terminal Index 1 | . 1 . . Proto ID Catalog 1 | . . . 1 Fabricator Hacks . | . . . . Repair Station Hacks . | . . . . Recycling Unit Hacks . | . . . . Scanalyzer . | . . . . Garrison Access Hacks . | . . . . Unauthorized Hacks 3 | . 3 . . Terminals 1 | . 1 . . Botnet 1 | . 1 . . Fabricators . | . . . . Repair Stations . | . . . . Recycling Units 2 | . 2 . . Tunnel 2 | . 2 . . Scanalyzers . | . . . . Garrison Access . | . . . . Data Cores Recovered . | . . . . Used . | . . . . Hacking Detections 3 | . 3 . . Full Trace Events . | . . . . Feedback Events . | . . . . Feedback Blocked . | . . . . Robot Schematics Acquired . | . . . . Robots Built . | . . . . Authchips . | . . . . Time . | . . . . Total Robot Build Rating . | . . . . Part Schematics Acquired . | . . . . Parts Built . | . . . . Authchips . | . . . . Time . | . . . . Total Part Build Rating . | . . . . Parts Repaired . | . . . . Time . | . . . . Parts Recycled . | . . . . Recycled Matter . | . . . . Retrieved Matter . | . . . . Retrieved Components . | . . . . Parts Scanalyzed . | . . . . Part Schematics Acquired . | . . . . Parts Damaged . | . . . . Bothacking | -11 -10 -10 -8 ------------ Run | Yrd Mat Sub Scr Used RIF Installer . | . . . . Robots Hacked . | . . . . Non-combat . | . . . . Combat . | . . . . Robot Hacks Applied . | . . . . Relay Couplers Released . | . . . . Fabnet Peak Effective % . | . . . . Robots Rewired . | . . . . Allies Hacked . | . . . . Hacks Repelled . | . . . . Allies | -11 -10 -10 -8 -------- Run | Yrd Mat Sub Scr Total Allies . | . . . . Largest Group . | . . . . Highest-Rated Group . | . . . . Highest-Rated Ally . | . . . . Total Orders . | . . . . Ally Attacks . | . . . . Total Damage . | . . . . Kills . | . . . . Allies Corrupted . | . . . . Allies Melted 3 | . . . 3 Intel | -11 -10 -10 -8 ------- Run | Yrd Mat Sub Scr Active Infowar (turns) 1081 | 1 888 99 93 Seismic 1081 | 1 888 99 93 Robot Analysis Total 1 | . 1 . . Derelict Logs Recovered 1 | . . 1 . Drone Launches . | . . . . Drone Recoveries . | . . . . Exploration | -11 -10 -10 -8 ------------- Run | Yrd Mat Sub Scr Turns Passed 3248 | 162 888 99 2099 Spaces Moved 2017 | 47 318 61 1591 Core 2 | 2 . . . Treads 802 | 45 318 6 433 Legs . | . . . . Wheels 1213 | . . 55 1158 Hover . | . . . . Flight . | . . . . Fastest Speed 50 | 50 160 95 95 Average Speed 122 | 155 160 101 115 Slowest Speed 160 | 160 160 160 157 Overloaded Moves . | . . . . Propulsion Burnouts . | . . . . Robots Hopped . | . . . . Potential Cave-ins . | . . . . Cave-ins Triggered . | . . . . Exploration Rate (%) 45 | 4 73 12 93 Regions Visited 3 Branch Regions 2 Pre-discovered Areas 5 | . 2 . 3 Known Exits Taken . | . . . . Unknown Exits Taken 3 | 1 1 1 . Scrap Searched 4 | . . . 4 Spaces Dug . | . . . . Terrain Destroyed 47 | . 33 14 . Melee . | . . . . Projectile . | . . . . AOE 47 | . 33 14 . Terrain Rammed . | . . . . Walls Destroyed . | . . . . Machines Disabled . | . . . . Actions | -11 -10 -10 -8 --------- Run | Yrd Mat Sub Scr Total 2667 | 84 641 88 1854 Wait 529 | . 282 20 227 Move 2014 | 46 317 60 1591 Hop . | . . . . Pick Up 15 | 4 3 . 8 Fast Attach 11 | 7 . . 4 Attach 2 | . . 1 1 Detach . | . . . . Swap 12 | . 7 2 3 Drop 16 | . . . 16 Fire 64 | 27 32 5 . Melee 4 | . . . 4 Ram . | . . . . Kick . | . . . . Crush . | . . . . Escape Stasis . | . . . . Rewire . | . . . . Trap . | . . . . Miscellaneous . | . . . . Route ------- -11/Scrapyard -10/Materials (discovered 4 exits: [*Mat x3] / [*Sub]) -10/Subcaves -8/Scraptown (discovered 2 exits: [*Fac x2]) History --------- Turn | Location | Event 13 | -11/Scrapyard | Discovered new exit (range 15) 163 | -11/Scrapyard | Entered Materials 320 | -10/Materials | Build established: Mutant 357 | -10/Materials | Discovered new exit (range 12) 641 | -10/Materials | Discovered new exit (range 14) 771 | -10/Materials | Discovered new exit (range 6) 1035 | -10/Materials | Discovered new exit (range 11) 1051 | -10/Materials | Entered Subcaves 1052 | -10/Subcaves | Approached by a straggling Scientist 1056 | -10/Subcaves | Learned Materials stockpile data 1070 | -10/Subcaves | Core integrity fell below 50% 1145 | -10/Subcaves | Scientist uncovered a shortcut to Scraptown 1150 | -10/Subcaves | Entered Scraptown 1350 | -8/Scraptown | Discovered new exit (range 3) 1484 | -8/Scraptown | Visited The Evicted 1500 | -8/Scraptown | Visited Shadow of the Wyrm 1681 | -8/Scraptown | Visited Fellowship of the Rings 1703 | -8/Scraptown | Visited Cyclists 1728 | -8/Scraptown | Visited Red Mages 1790 | -8/Scraptown | Visited TADAMA 1808 | -8/Scraptown | Visited Awakened 1835 | -8/Scraptown | Visited UFD Registry 1835 | -8/Scraptown | Registered with UFD as "Spikeroller" 1867 | -8/Scraptown | Entered Cyclist Reading Room 1871 | -8/Scraptown | Learned location of Zion (-6) 1919 | -8/Scraptown | Visited Observation Area 1960 | -8/Scraptown | Visited Science Guys 1992 | -8/Scraptown | Visited Scrap Suit Storage 2139 | -8/Scraptown | Visited Botcube Research 2147 | -8/Scraptown | Found Botcube 2163 | -8/Scraptown | Visited Supply Room 2190 | -8/Scraptown | Visited Abandonware Association 2201 | -8/Scraptown | Learned abandonware demo "REBOOT5.EXE" 2222 | -8/Scraptown | Visited LU-1G1's Boring Crew 2271 | -8/Scraptown | Visited A0-MCA Data Center 2277 | -8/Scraptown | Given a B+ rating by A0-MCA 2282 | -8/Scraptown | Found A0-MCA's Component Scanner 2306 | -8/Scraptown | Visited DA-N13 Charitable Foundation 2310 | -8/Scraptown | Found DCF Scrap (31 items) 2366 | -8/Scraptown | Visited Scrapoid Pod Storage 2374 | -8/Scraptown | Found Scrapoid Pod 2468 | -8/Scraptown | Discovered new exit (range 5) 2645 | -8/Scraptown | Met Optimus 2645 | -8/Scraptown | Accepted into 0bPrime 3045 | -8/Scraptown | Civil war broke out across Scraptown 3211 | -8/Scraptown | Core integrity fell below 20% 3249 | -8/Scraptown | Optimus destroyed in the chaos of civil war 3249 | -8/Scraptown | Destroyed by L7-MT0(g) with Salvaging Laser Last Messages --------------- 03193_ NR-TSD(j): "Stop this nonsense!" 03201_ K5-TEU(g) suffers critical hit (Burn). 03203_ K5-TEU(g) heat spikes uncontrollably. 03204_ K5-TEU(g) overheating. 03204_ K5-TEU(g) destroyed. 03206_ Acquired Mak. Light Armor Plating. 03207_ NR-TSD(j) heat damages Ovr. Titanium Leg. 03208_ RC-PQ2(j) cannibalizes Ovr. Titanium Leg to repair Ovr. Titanium Leg. 03209_ Acquired 10 matter. 03211_ RC-PQ2(j) cannibalizes Corrupted Imp. Deuterium Engine to repair Lgt. Deuterium Engine. 03217_ 32-ZCT(g): "Triborg not so powerful after all." 03239_ Dropped Lgt. Assault Rifle. 03239_ Acquired Mak. Hacking Suite. 03242_ Dropped Target Analyzer. 03242_ Acquired Corrupted Mak. Hacking Suite. 03249_ ANNOUNCEMENT: The traitor Optimus has been dealt with. Put down any remaining collaborators. 03249_ Critical hit (Burn: +50). Map ----- +----------------------------------------------------+ | #***## #""" """## ## #??????????????? | | #==]##*= #""" """## ## ####### #??????????????? | | #*%]/[!%=#"!" """## ## # # #??????????????? | | #[!!]!=%!#""" """"## ## # # #??????????????? | | #=!!!* = #""" """## ## # # #??????????????? | | #* =*!= # "## ## #??????????????? | | ### ########### ##### ## #########??????????????? | | ### ########### ##### ## #############??????????? | | """ """"""""""" """"" "" "## "#??????????? | | "## ""#??????????? | | %*!"## """" "#??????????? | | %[ [%"## "### "#??????????? | | =!!## "#X ""#??????????? | | "### "#??????????? | | """""""""""""""""""" ## """" "#??????????? | | """"""""""""""""""""" ## ""#??????????? | | # ################ ## "#??????????? | | ##????????# " "############??????????? | | X"#????????# "##"""" #?????????????? | | " "" ##????????# ## "" #?????????????? | | "" X"#??????###" ! "## #?????????????? | | " #########=* %! [%="## #?????????????? | | "" ![!=![%=[!/! !*%! #?????????????? | | "" %[!!!%=!% !=## ""#?????????????? | | " ######### # !!* =;# !! ""??????????????? | | "" ""#??????### g%! @"## !!"""??????????????? | | " "" ##???????##!== "########??????????????? | | X"#???????#;[%* x"## """"#??????????????? | | ##???????#; = ![## """"#??????????????? | | # ################! ! *%= ## " ""#??????????????? | | """""""""""""""" [%!==[=%;# "#??????????????? | | """""""""""""" " ===*%!!%!%[* #??????????????? | | %=%=[[!%=## #??????????????? | | %!%!*%!%## "??????????????? | | !!=%!!!=*;# #??????????????? | | ![!!!!!%[=## """#??????????????? | | %! %==%[%!=[ #"" ""#??????????????? | | """"" """" """""" !"!!*%/ ########??????????????? | | ##### ########### #;##[!%%j##????????????????????? | | " # ! ###=!g "#????????????????????? | | "## %["#### "#????????????????????? | | "" "" "&#" ! "#?#! ##????????????????????? | | "" "" " #"! ! "#?#%! #?????????????????????? | | "" #"! ##?#! =#?????????????????????? | | """" ""#"! !"#??# =%############??????????? | | """ """"#" !"#??# *[ #??????????? | | " "!""####X ##??# ##??????????? | | """ """"# #" "#??# #??????????? | | """"" X """# !"#??# #??????????? | | """""""""""# ##"####??# #??????????? | +----------------------------------------------------+ Best States ------------- Heat Dissipation 25 Energy Generation 14 Energy Capacity 250 Matter Stores 300 Matter Capacity 300 Sight Range 16 Terrain Scan Density 10 Armor Coverage 100 Evasion (%) 41 Recoil Reduction 2 Item Schematics ----------------- None Robot Schematics ------------------ None Fabricated ------------ Nothing Repaired ---------- Nothing Alien Tech Used ----------------- None Achievements -------------- None Challenges ------------ None Game ------ Seed ReflexRiotBeamcaster Manual? 0 Play Time 00:45:23 Cumulative 87.3 hours Start 2025.05.24 @ 15:21:27 End 2025.05.24 @ 16:12:15 Sessions 1 Manual Loads 0 Difficulty Rogue Special Mode None Game No. 81 Rogue 81 Adventurer 0 Explorer 0 Win Type - Total 1 Types 1/0/0/0/0/0/0/0/0/0 Lore% 44 Gallery% 41 Achievement% 43 Wizard Run 0 Options --------- Layout 0 ASCII 0 Keyboard 0 Movement Mouse Keybinds 0 Fullscreen 2 Font 18/SmallcapsGlow Map View 76x50 Zoom Use 0% Tactical HUD 1 Map Filters NONE Filters NONE Steam 1 RUN: 7e9c0070-a1f4-49bf-9166-d23d686ed5c4